 Dungeon Crawl Stone Soup version 0.29.1-12-g30fa7ad0bf (webtiles) character file.

Game seed: 11442087200840796907

314 hawla the Chiller (level 7, -5/50 HPs)
             Began as a Meteoran Ice Elementalist on Dec 12, 2022.
             Slain by an ogre
             ... wielding a +0 giant club
              (35 damage)
             ... on level 5 of the Dungeon.
             The game lasted 00:07:49 (1548 turns).

hawla the Chiller (Meteoran Ice Elementalist)       Turns: 1548, Time: 00:07:51

Health: -5/50      AC:  2    Str: 10    XL:     7   Next: 3%
Magic:  11/15      EV: 13    Int: 19    God:
Gold:   61         SH:  0    Dex: 14    Spells: 7/15 levels left

rFire   . . .      SeeInvis .   j - +3 trident (vamp)
rCold   . . .      Faith    .   (no shield)
rNeg    . . .      Spirit   .   a - +0 robe
rPois   .          Reflect  .   b - +0 hat
rElec   .          Harm     .   (no cloak)
rCorr   .          Rampage  .   (no gloves)
Will    .....                   (no boots)
Stlth   +.........              (no amulet)
HPRegen 0.16/turn               (no ring)
MPRegen 0.14/turn               (no ring)

@: freezing walls, glowing
A: sense surroundings 1, otherworldly, glowing, explore regen
a: no special abilities


You were on level 5 of the Dungeon.
You visited 1 branch of the dungeon, and saw 5 of its levels.

You collected 61 gold pieces.

Inventory:

Hand Weapons
 j - a +3 vampiric trident (weapon)
Armour
 a - a +0 robe (worn)
 b - a +0 hat (worn)
Scrolls
 c - a scroll of amnesia {unknown}
 h - 2 scrolls of identify {unknown}
 i - a scroll of teleportation {unknown}
Potions
 d - 2 potions of invisibility {unknown}
 e - 2 potions of heal wounds {unknown}
 g - a potion of cancellation {unknown}


   Skills:
 - Level 0.2 Fighting
 - Level 3.2 Dodging
 - Level 1.4 Stealth
 - Level 4.9 Spellcasting
 + Level 4.0 Conjurations
 - Level 5.7 Ice Magic


You had 7 spell levels left.
You knew the following spells:

 Your Spells              Type           Power      Damage    Failure   Level
a - Freeze                Ice            100%       1d11      1%          1
b - Frozen Ramparts       Ice            52%        1d8       3%          3
c - Hailstorm             Conj/Ice       23%        3d7       17%         4

Your spell library contained the following spells:

 Spells                   Type           Power      Damage    Failure   Level
 Ozocubu's Armour         Ice            26%        N/A       3%          3
 Sublimation of Blood     Necr           4%         N/A       19%         2
 Wereblood                Tmut           4%         N/A       19%         2
 Summon Hydra             Summ           2%         N/A       100%        7


Dungeon Overview and Level Annotations

Branches:
Dungeon (5/15) Zot: 1451
 Temple: D:4-7

Altars:

Shops:
D:3 =   D:4 [


Innate Abilities, Weirdness & Mutations

You passively map a small area around you.
You are easily found by Zot.
You glow in the dark.
You regain HP and MP as you explore.


Message History

As you read the scroll of enchant weapon, it crumbles to dust.
Your +2 vampiric trident glows red for a moment.
You climb downwards.
The orc priest shouts!
The orc shouts!
The orc barely misses you.
There is a stone staircase leading up here.
Casting: Freeze (safe; 1% risk of failure)
Confirm with . or Enter, or press ? or * to list all spells.
Casting: Frozen Ramparts (dangerous; 3% risk of failure)
Press: ? - help, Dir - look around, f - activate A stone staircase leading up.
The walls around you are covered in ice.
The phantom completely resists.
The wall freezes the phantom but does no damage.
The wall freezes the ogre!
The ogre completely misses you.
The wall freezes the orc!
You kill the orc!
Casting: Frozen Ramparts (dangerous; 3% risk of failure)
Confirm with . or Enter, or press ? or * to list all spells.
Aiming: Freeze (safe; 1% risk of failure)
Press: ? - help, Shift-Dir - straight line, f - ogre
Aim: an ogre, wielding a +0 giant club You freeze the ogre!
The ogre is moderately wounded.
An orc comes into view. It is wielding a +2 war axe of pain.
The phantom completely resists.
The wall freezes the phantom but does no damage.
The phantom barely misses you.
The ogre hits you with a +0 giant club!!
Your frozen ramparts will break if you move.
Continue?
Okay, then.
There are monsters nearby!
Your frozen ramparts will break if you move.
Continue?
The orc shouts!
The phantom resists.
The wall freezes the phantom.
The phantom closely misses you.
The wall freezes the ogre but does no damage.
The ogre hits you with a +0 giant club!!
Ouch! That really hurt!
You die...

, * , * * *#.,
,....... , ~
##. ....... , ,
... ....... ~ .
.. ......! , ,
..###.# .....#*
~ *
.......*.....##
, **
....o.W#)......
* , #.@O......
#..O......# ,
...o.......## *
.........#.#.#
* .....#######
# * , .....,
o... , ,.#.# ,


You could see 2 ogres, a phantom, an orc priest and 2 orcs.

Vanquished Creatures
  2 scorpions (D:4)
  A howler monkey (D:4)
  An orc priest (D:4)
  A hound (D:4)
  An orc wizard (D:4)
  An adder (D:4)
  A dart slug (D:4)
  8 orcs
  13 ball pythons
  3 endoplasms
  3 giant cockroaches
  4 hobgoblins
  3 jackals (D:2)
  A quokka (D:3)
  A bat (D:2)
  2 frilled lizards (D:3)
  3 goblins
  4 kobolds
  2 rats
55 creatures vanquished.

Notes
Turn   | Place    | Note
-------+----------+-------------------------------------------
     0 | D:1      | hawla the Meteoran Ice Elementalist began the quest for the
                  | Orb.
     0 | D:1      | Reached XP level 1. HP: 14/14 MP: 5/5
   169 | D:1      | Reached XP level 2. HP: 12/20 MP: 3/6
   277 | D:2      | Reached XP level 3. HP: 3/26 MP: 0/8
   281 | D:2      | Learned a level 3 spell: Frozen Ramparts
   394 | D:4      | Noticed a scorpion
   413 | D:3      | Reached skill level 5 in Ice Magic
   426 | D:3      | Found Siylar's One-of-a-Kind Rings.
   654 | D:4      | Found Jikyih's Antique Armour Boutique.
   743 | D:4      | Reached XP level 4. HP: 33/33 MP: 3/10
   770 | D:4      | Noticed a scorpion
   781 | D:4      | Killed a scorpion
   782 | D:4      | Reached XP level 5. HP: 38/38 MP: 5/12
   787 | D:4      | Reached XP level 6. HP: 45/45 MP: 1/14
   792 | D:4      | Learned a level 4 spell: Hailstorm
  1225 | D:4      | Reached XP level 7. HP: 50/50 MP: 8/15
  1539 | D:5      | Entered Level 5 of the Dungeon
  1548 | D:5      | Slain by an ogre

Illustrated notes

Levels and vault maps discovered:
D:1:      dpeg_arrival_rooms_c, layout_basic,
          dreamdust_ecumenical_altar_hidden_monk_grotto
D:2:      minmay_door_path, layout_loops_corners, uniq_robin
D:3:      layout_basic, nicolae_shop_unique_rings, uniq_natasha
D:4:      layout_layer_cave, serial_shops, kennysheep_little_box
D:5:      layout_cave_pools, dancing_weapons_uskayaw,
          worldfamousw_hep_ancestral_shrine, kennysheep_opposing_triangles

Skill      XL: |  1  2  3  4  5  6 |
---------------+-------------------+-----
Spellcasting   | 3 4 |  4.9
Ice Magic      | 5 |  5.7
Dodging        | 3 |  3.2
Conjurations   | 4 |  4.0
Fighting       | |  0.2
Stealth        | |  1.4

Action                   |  1- 3 |  4- 6 |  7- 9 || total
-------------------------+-------+-------+-------++-------
Melee: Unarmed           |    14 |       |     1 ||    15
 Cast: Freeze            |    51 |    14 |     2 ||    67
       Frozen Ramparts   |     1 |     9 |     1 ||    11
  Use: Potion            |     2 |       |       ||     2
       Scroll            |       |       |     2 ||     2
Armor: Robe              |    14 |     2 |       ||    16
Dodge: Dodged            |    41 |     8 |     4 ||    53
